 Dungeon Crawl Stone Soup version 0.30-a0-883-g5ad918d77d (webtiles) character file.

Game seed: 9215775409553396304

5889 Darkkill the Fighter (level 10, -12/93 HPs)
             Began as a Minotaur Hunter on Mar 17, 2023.
             Was an Initiate of Gozag.
             Killed by the air
             ... invoked by Gastronok
              (27 damage)
             ... on level 1 of the Lair of Beasts.
             The game lasted 00:12:17 (8516 turns).

Darkkill the Fighter (Minotaur Hunter)              Turns: 8516, Time: 00:12:17

Health: -12/93     AC:  7    Str: 16    XL:     10   Next: 53%
Magic:  0/9        EV: 17    Int:  6    God:    Gozag
Gold:   600        SH:  0    Dex: 18    Spells: 9/9 levels left

rFire   . . .      SeeInvis .    a - +0 shortbow (elec)
rCold   . . .      Faith    .    (shield currently unavailable)
rNeg    . . .      Spirit   +    c - +0 leather armour
rPois   .          Reflect  .    (helmet restricted)
rElec   .          Rampage  .    g - +2 cloak
rCorr   .                        n - +0 pair of gloves
Will    .....                    (no boots)
Stlth   ++++                     v - amulet of guardian spirit
HPRegen 0.35/turn                (no ring)
MPRegen 0.11/turn                (no ring)

@: no status effects
A: horns 2, retaliatory headbutt
a: Renounce Religion, Potion Petition, Call Merchant, Bribe Branch


You were on level 1 of the Lair of Beasts.
You worshipped Gozag.
Gozag was pleased with you.
You visited 3 branches of the dungeon, and saw 11 of its levels.
You also visited: Ossuary.

You collected 1303 gold pieces.
You spent 97 gold pieces at shops.
You paid 606 gold pieces to Gozag.

Inventory:

Hand Weapons
 a - a +0 shortbow of electrocution (weapon)
 D - the +5 longbow of the Forgotten Coins {flame, Will+ rCorr}
   (You found it on level 8 of the Dungeon)

   rCorr:     It protects you from acid and corrosion.
   Will:      It increases your willpower.
Missiles
 h - 3 boomerangs
 i - 105 stones
 l - 11 poisoned darts
 o - a throwing net {=f !f}
 q - 2 boomerangs of dispersal {=f !f}
 r - 4 datura-tipped darts
Armour
 c - a +0 leather armour (worn)
 g - a +2 cloak (worn)
 n - a +0 pair of gloves (worn)
Jewellery
 v - an amulet of guardian spirit (around neck)
 E - a ring of resist corrosion
Wands
 w - a wand of flame (29)
 z - a wand of iceblast (6)
 C - a wand of polymorph (8)
Scrolls
 b - 5 scrolls of immolation
 u - 3 scrolls of magic mapping
 x - a scroll of fear
 B - 2 scrolls of teleportation
 H - a scroll of identify {@r1}
Potions
 d - 3 potions of might {unknown}
 e - 3 potions of attraction
 f - 2 potions of mutation {unknown}
 j - 3 potions of lignification {unknown}
 m - a potion of resistance {unknown}
 p - 6 potions of curing {unknown}
 s - 3 potions of brilliance {unknown}
 t - 2 potions of degeneration {unknown}
 I - a potion of flight {unknown}
Miscellaneous
 A - a piece from Xom's chessboard (12/15)
 G - a tin of tremorstones (inert)


   Skills:
 + Level 9.9 Fighting
 + Level 9.8 Ranged Weapons
 + Level 9.0 Dodging
 + Level 7.3 Stealth


You had 9 spell levels left.
You didn't know any spells.
Your spell library contained the following spells:

 Spells                   Type           Power      Damage    Failure   Level
 Magic Dart               Conj           0%         1d3       52%         1
 Call Imp                 Summ           0%         N/A       67%         2
 Cigotuvi's Dreadful Rot  Necr/Pois/Air  0%         N/A       67%         2
 Poisonous Vapours        Pois/Air       0%         N/A       67%         2
 Dazzling Flash           Conj/Hex       0%         N/A       88%         3
 Mephitic Cloud           Conj/Pois/Air  0%         N/A       88%         3
 Agony                    Necr           0%         N/A       100%        5
 Silence                  Hex/Air        0%         N/A       100%        5


Dungeon Overview and Level Annotations

Branches:
Dungeon (9/15)             Temple (1/1) D:5            Lair (1/5) D:8
Ossuary (visited)
    Orc: D:9-12

Altars:
Ashenzari
Cheibriados
Dithmenos
Elyvilon
Fedhas
Gozag
Hepliaklqana
Kikubaaqudgha
Makhleb
Okawaru
Qazlal
Ru
Sif Muna
Uskayaw
Vehumet
Wu Jian
Xom
Yredelemnul
Zin
The Shining One

Shops:
D:8 ?

Annotations:
D:4 1 runed translucent door, NinjaNoafa's ghost, amateur DsGl
Lair:1 Gastronok


Innate Abilities, Weirdness & Mutations

You have a pair of horns on your head.
You reflexively headbutt those who attack you in melee.


Message History

Okay, then.
You feel much better.
Fire: a) +0 shortbow (elec)
Press: ? - help, Q - select action, (/) - cycle Shift-Dir - straight line, f - blink frog
Aim: a blink frog (heavily wounded, unaware, hasn't noticed you, 52% to hit)
You shoot an arrow. The arrow hits the blink frog!
The blink frog is no longer distracted by gold.
The blink frog is almost dead.
The blink frog blinks!
Fire: a) +0 shortbow (elec)
Press: ? - help, Q - select action, (/) - cycle Shift-Dir - straight line, f/p - blink frog
Aim: a blink frog (almost dead, 52% to hit)
You shoot an arrow. The arrow misses the blink frog.
The arrow closely misses the blink frog.
The blink frog is distracted by your dazzling golden aura. x2
Fire: a) +0 shortbow (elec)
Press: ? - help, Q - select action, (/) - cycle Shift-Dir - straight line, f/p - blink frog
Aim: a blink frog (almost dead, unaware, hasn't noticed you, 52% to hit)
You shoot an arrow.
The blink frog gives a loud, deep croak!
The blink frog gives a loud, deep croak!
The arrow hits the blink frog.
You kill the blink frog!
The blink frog is no longer distracted by gold.
The blink frog is distracted by your dazzling golden aura.
Fire: a) +0 shortbow (elec)
Press: ? - help, Q - select action, (/) - cycle Shift-Dir - straight line, f - blink frog
Aim: a blink frog (unaware, hasn't noticed you, 52% to hit)
You shoot an arrow.
The arrow completely misses the blink frog.
The blink frog gives a loud, deep croak!
The arrow hits Gastronok!
Gastronok is lightly wounded.
You hear an angry buzzing noise.
Fire: a) +0 shortbow (elec)
Press: ? - help, Q - select action, (/) - cycle Shift-Dir - straight line, f/p - blink frog
Aim: a blink frog (52% to hit)
You shoot an arrow. The arrow hits the blink frog!
Lightning courses through the blink frog!!
The blink frog is no longer distracted by gold.
The blink frog is severely wounded.
The blink frog blinks!
Gastronok's eyestalks quiver as he mumbles some strange words.
Gastronok puts on a burst of speed!
The blink frog blinks!
Fire: a) +0 shortbow (elec)
Press: ? - help, Q - select action, (/) - cycle Shift-Dir - straight line, f/p - blink frog
Aim: a blink frog (severely wounded, 52% to hit)
You shoot an arrow. The arrow hits the blink frog.
The blink frog is almost dead.
The blink frog blinks!
Fire: a) +0 shortbow (elec)
Press: ? - help, Q - select action, (/) - cycle Shift-Dir - straight line, f/p - blink frog
Aim: a blink frog (almost dead, 52% to hit)
You shoot an arrow. The arrow hits the blink frog!
Lightning courses through the blink frog!
You kill the blink frog!
Your Dodging skill increases to level 9!
Fire: a) +0 shortbow (elec)
Press: ? - help, Q - select action, (/) - cycle Shift-Dir - straight line, f - Gastronok
Aim: Gastronok, wearing a +0 hat (lightly wounded, covering ground quickly, 94% to hit)
You shoot an arrow. The arrow hits Gastronok.
Gastronok is lightly wounded.
Gastronok waves his eye-stalks in wide circles.
The air twists around and strikes you!!
Fire: a) +0 shortbow (elec)
Press: ? - help, Q - select action, (/) - cycle Shift-Dir - straight line, f/p - Gastronok
Aim: Gastronok, wearing a +0 hat (lightly wounded, covering ground quickly, 94% to hit)
You shoot an arrow. The arrow completely misses Gastronok.
Fire: a) +0 shortbow (elec)
Press: ? - help, Q - select action, (/) - cycle Shift-Dir - straight line, f/p - Gastronok
Aim: Gastronok, wearing a +0 hat (lightly wounded, covering ground quickly, 94% to hit)
You shoot an arrow. The arrow hits Gastronok.
Lightning courses through Gastronok!
Gastronok is moderately wounded.
Gastronok waves his eye-stalks in wide circles.
The air twists around and strikes you!!
* * * LOW HITPOINT WARNING * * *
Fire: a) +0 shortbow (elec)
Press: ? - help, Q - select action, (/) - cycle Shift-Dir - straight line, f/p - Gastronok
Aim: Gastronok, wearing a +0 hat (moderately wounded, covering ground quickly, 94% to hit)
You shoot an arrow. The arrow hits Gastronok.
Lightning courses through Gastronok!
Gastronok is moderately wounded.
Fire: a) +0 shortbow (elec)
Press: ? - help, Q - select action, (/) - cycle Shift-Dir - straight line, f/p - Gastronok
Aim: Gastronok, wearing a +0 hat (moderately wounded, covering ground quickly, 94% to hit)
You shoot an arrow.
The arrow hits Gastronok but does no damage.
Lightning courses through Gastronok!
Gastronok is moderately wounded.
Fire: a) +0 shortbow (elec)
Press: ? - help, Q - select action, (/) - cycle Shift-Dir - straight line, f/p - Gastronok
Aim: Gastronok, wearing a +0 hat (moderately wounded, covering ground quickly, 94% to hit)
You shoot an arrow.
The arrow hits Gastronok but does no damage.
Gastronok is moderately wounded.
Gastronok waves his eye-stalks in wide circles.
The air twists around and strikes you!!
You die...
Your body crumbles into a pile of gold.

#..## #P...... ##..###
###...## #+ ##.'##.####
##.### ...
#...>.....######.# !...
##........'.......
.†.$. #.$......###.###P
.!†$$$#######........#
### ##
F†wy.$$.#..#P..$.....##
...$$!#$$w$$@.........#
.!.$$ ####.##........##
†..F ############# ###


You could see Gastronok (swift).

Vanquished Creatures
  A cane toad (Lair:1)
  Grinder (D:5)
  A queen bee (Lair:1)
  4 blink frogs (Lair:1)
  A hornet (Lair:1)
  A wyvern (Lair:1)
  Menkaure (D:5)
  A steam dragon (D:8)
  Edmund (D:4)
  An acid dragon (D:8)
  A water moccasin (Lair:1)
  5 black bears
  2 sky beasts
  2 ogres
  3 centaurs
  5 bullfrogs
  An elf zombie (Ossuary)
  A scorpion (D:7)
  25 killer bees (Lair:1)
  A howler monkey (D:5)
  A centaur zombie (Ossuary)
  4 orc priests
  3 hounds
  A jelly (D:5)
  A human zombie (Ossuary)
  A gnoll bouda (D:8)
  A sleepcap (D:6)
  8 orc wizards
  3 iguanas
  2 mummies (Ossuary)
  4 gnolls (D:8)
  10 adders
  2 white imps
  2 adder zombies (Ossuary)
  2 worms
  2 dart slugs
  21 orcs
  7 bats
  2 endoplasms
  6 giant cockroaches
  4 goblins
  4 hobgoblins
  3 jackals (D:1)
  7 kobolds
  5 quokkas
  3 ball pythons
  6 frilled lizards
  2 goblin zombies (Ossuary)
  9 hobgoblin zombies (Ossuary)
  A jackal zombie (Ossuary)
  11 kobold zombies (Ossuary)
  6 orc zombies (Ossuary)
  6 rats
  3 rat zombies (Ossuary)
212 creatures vanquished.

Vanquished Creatures (others)
  A fungus (Lair:1)
  5 plants (Lair:1)
6 creatures vanquished.

Grand Total: 218 creatures vanquished

Notes
Turn   | Place    | Note
-------+----------+-------------------------------------------
     0 | D:1      | Darkkill the Minotaur Hunter began the quest for the Orb.
     0 | D:1      | Reached XP level 1. HP: 18/18 MP: 0/0
    61 | D:1      | Reached skill level 1 in Stealth
   109 | D:1      | Found a faded altar of an unknown god.
   169 | D:1      | Reached XP level 2. HP: 25/25 MP: 1/1
   747 | D:2      | Reached XP level 3. HP: 23/31 MP: 2/2
  1536 | D:3      | Reached XP level 4. HP: 38/38 MP: 3/3
  1542 | D:3      | Reached skill level 5 in Ranged Weapons
  1642 | D:3      | Found a basalt altar of Yredelemnul.
  1771 | D:3      | Identified the +2 dagger "Jellybane" {flame, Int+3}
  2583 | D:4      | Noticed Edmund
  2590 | D:4      | Killed Edmund
  2591 | D:4      | Reached XP level 5. HP: 44/46 MP: 4/4
  2968 | D:4      | Found an iron altar of Okawaru.
  3002 | D:4      | Found a runed translucent door.
  3003 | D:4      | Noticed NinjaNoafa's ghost (amateur DsGl)
  3600 | D:5      | Entered Level 5 of the Dungeon
  3600 | D:5      | Noticed Grinder
  3611 | D:5      | Killed Grinder
  3612 | D:5      | Reached XP level 6. HP: 50/55 MP: 5/5
  3691 | D:5      | Reached skill level 5 in Fighting
  3738 | D:5      | Reached XP level 7. HP: 51/61 MP: 6/6
  3932 | D:5      | Reached skill level 5 in Dodging
  4110 | D:5      | Noticed Menkaure
  4117 | D:5      | Killed Menkaure
  4118 | D:5      | Reached XP level 8. HP: 31/70 MP: 7/7
  4557 | D:5      | Found a shimmering blue altar of Sif Muna.
  4790 | D:5      | Found a staircase to the Ecumenical Temple.
  5037 | Temple   | Entered the Ecumenical Temple
  5056 | Temple   | Became a worshipper of Gozag Ym Sagoz the Greedy
  5175 | D:6      | Found a sand-covered staircase.
  5180 | Ossuary  | Entered an ossuary
  5544 | D:6      | Found a sacrificial altar of Ru.
  5923 | D:7      | Reached skill level 5 in Stealth
  5923 | D:7      | HP: 3/73 [orc priest/divine providence (16)]
  6095 | D:7      | HP: 13/73 [orc priest/divine providence (13)]
  6099 | D:7      | HP: 6/73 [poisoned by an orc wizard]
  6104 | D:7      | HP: 14/73 [orc priest/nerve-wracking pain (11)]
  6471 | D:7      | Reached XP level 9. HP: 57/79 MP: 8/8
  6677 | D:7      | Found a shimmering altar of Xom.
  7127 | D:8      | You fall into a shaft and drop 1 floor!
  7157 | D:9      | Found a stormy altar of Qazlal.
  7802 | D:8      | Identified the +5 longbow of the Forgotten Coins {flame,
                  | Will+ rCorr}
  7876 | D:8      | Found a staircase to the Lair.
  8044 | D:8      | Bought a scroll of blinking for 97 gold pieces
  8047 | Lair:1   | Entered Level 1 of the Lair of Beasts
  8228 | Lair:1   | Noticed a cane toad
  8242 | Lair:1   | Killed a cane toad
  8454 | Lair:1   | Noticed a queen bee
  8462 | Lair:1   | Reached XP level 10. HP: 48/91 MP: 3/9
  8476 | Lair:1   | Noticed Gastronok
  8513 | Lair:1   | HP: 14/93 [Gastronok/the air (20)]
  8516 | Lair:1   | Killed from afar by Gastronok

Illustrated notes

Levels and vault maps discovered:
D:1:      saegor_arrival_simple_a, layout_rooms,
          hellmonk_ecumenical_altar_leap_of_faith
D:2:      layout_basic
D:3:      layout_loops_corners, mainiacjoe_overflow_catwalk
D:4:      layout_cave_pods, kennysheep_okawaru_gauntlet,
          ebering_ghost_inner_flame, solitary_fountain, item_on_display_a,
          uniq_edmund
D:5:      layout_layer_cave, lemuel_blue_sif_altar, temple_statues,
          uniq_menkaure, uniq_grinder
D:6:      layout_cave_pools, nicolae_ru_great_annihilating_truth,
          enter_ossuary_2
D:7:      layout_basic, xom_butterflies, minmay_misc_feat_five
D:8:      layout_rooms, lair_entry_dummy, chequers_serial_rivers_small_b
D:9:      nzn_winding_woodlands_three_and_one [nzn_winding_woodlands_5x15_twine,
          nzn_winding_woodlands_5x15_crooked,
          nzn_winding_woodlands_5x15_longhouse,
          nzn_winding_woodlands_center_diamonds], layout_grid_maze,
          lemuel_doored_altar, uniq_prince_ribbit1
Temple:   nicolae_temple_ecumenical_triangle
Lair:1:   layout_roguey [special_room_bee], pdpol_lair_cavern_descent,
          lemuel_fruit_fields, uniq_gastronok

Skill      XL: |  1  2  3  4  5  6  7  8  9 10 |
---------------+-------------------------------+-----
Stealth        | 1 2 3 4 5 6 7 |  7.3
Fighting       | 3 4 5 6 7 9 |  9.9
Dodging        | 3 4 5 6 8 9 |  9.0
Ranged Weapons | 5 6 7 9 |  9.8

Action                     |  1- 3 |  4- 6 |  7- 9 | 10-12 || total
---------------------------+-------+-------+-------+-------++-------
  Melee: Shortbow          |       |       |     4 |       ||     4
         Headbutt          |       |       |     1 |       ||     1
   Fire: Shortbow          |    99 |    85 |   380 |    42 ||   606
 Invoke: Call Merchant     |       |       |     1 |       ||     1
  Evoke: Wand              |       |       |     2 |     5 ||     7
         Tin of tremorston |       |       |     2 |       ||     2
         Piece from Xom's  |       |       |       |     3 ||     3
    Use: Scroll            |     4 |     3 |     7 |     1 ||    15
         Potion            |       |       |     3 |     4 ||     7
 Armour: Leather armour    |     9 |    12 |    51 |     6 ||    78
  Dodge: Dodged            |    25 |    22 |   186 |    27 ||   260

Table legend: (Time is in decaauts)
 A = Elapsed time spent in this place.
 B = Non-inter-level travel time spent in this place.
 C = Inter-level travel time spent in this place.
 D = Time resting spent in this place.
 E = Time spent auto-exploring this place.
 F = Levels seen in this place.
 G = Mean time per level.
                   A        B        C        D        E       F      G
               +--------+--------+--------+--------+--------+-----+--------+
         Total |   8636 |   8178 |    458 |    294 |   6694 |  12 |  719.7 |
       Dungeon |   7833 |   7394 |    439 |    294 |   6177 |   9 |  870.3 |
        Temple |     44 |     25 |     19 |      0 |     15 |   1 |   44.0 |
          Lair |    475 |    475 |      0 |      0 |    359 |   1 |  475.0 |
       Ossuary |    282 |    282 |      0 |      0 |    143 |   1 |  282.0 |
               +--------+--------+--------+--------+--------+-----+--------+

Top non-repeatable levels by time:
     D:5: 1493 daAuts
     D:4: 1153 daAuts
     D:7: 1131 daAuts
     D:2: 966 daAuts
     D:3: 932 daAuts
     D:8: 794 daAuts
     D:1: 594 daAuts
  Lair:1: 475 daAuts
     D:6: 461 daAuts
     D:9: 306 daAuts
 Ossuary: 282 daAuts
  Temple: 44 daAuts

Table legend:
 A = Kills in this place as a percentage of kills in the entire game.
 B = Kills by you in this place as a percentage of kills by you in the entire game.
 C = Kills by friends in this place as a percentage of kills by friends in the entire game.
 D = Other kills in this place as a percentage of other kills in the entire game.
 E = Experience gained in this place as a percentage of experience gained in the entire game.
 F = Experience gained in this place divided by the number of levels of this place that you have seen.
                   A       B       C       D       E      F
               +-------+-------+-------+-------+-------+----------------------
         Total | 100.0 | 100.0 |   N/A |   N/A | 100.0 | 701.2
       Dungeon |  64.2 |  64.2 |   N/A |   N/A |  46.2 | 432.0
          Lair |  17.5 |  17.5 |   N/A |   N/A |  50.8 | 4271.0
       Ossuary |  18.4 |  18.4 |   N/A |   N/A |   3.0 | 255.0
               +-------+-------+-------+-------+-------+----------------------
